 Dungeon Crawl Stone Soup version 0.21-a0-625-g1119ec1 (webtiles) character file.

123057 opiate the Unseen (level 16, 0/85 HPs)
             Began as a Spriggan Enchanter on Dec 20, 2017.
             Was a High Priest of Kikubaaqudgha.
             Slain by Donald
             ... wielding a +2 scimitar of electrocution
              (10 damage)
             ... on level 1 of the Swamp on Dec 24, 2017.
             The game lasted 04:26:15 (29243 turns).

opiate the Unseen (Spriggan Enchanter)             Turns: 29243, Time: 04:26:16

Health: 0/85       AC: 10    Str: 10    XL:     16   Next: 36%
Magic:  17/31      EV: 34    Int: 23    God:    Kikubaaqudgha [*****.]
Gold:   1028       SH: 10    Dex: 24    Spells: 7/35 levels left

rFire    + + +     SeeInvis +   a - +9 rapier (pain)
rCold    + . .     Gourm    .   E - +2 buckler
rNeg     . . .     Faith    .   L - +3 robe "Caono" {Regen+ Dex+3}
rPois    +         Spirit   .   N - +0 hat {Int+3}
rElec    .         Reflect  .   I - +0 cloak
rCorr    .         Harm     .   (gloves unavailable)
MR       +++..                  (boots unavailable)
Stlth    +++++++...             l - amulet of Cafepre {rF++ rC+ MR+ Regen+ Dex+3}
HPRegen  1.04/turn              e - +4 ring of protection
MPRegen  0.22/turn              m - ring "Duockina" {Wiz *Contam rPois rF+ Str+4}

@: very quick
A: very small, unfitting armour, see invisible, herbivore, speed 3, slow
metabolism 2
a: Receive Corpses, Torment, Renounce Religion


You were on level 1 of the Swamp.
You worshipped Kikubaaqudgha.
Kikubaaqudgha was extremely pleased with you.
You were hungry.

You visited 6 branches of the dungeon, and saw 26 of its levels.
You also visited: Bailey.

You collected 2246 gold pieces.
You spent 1218 gold pieces at shops.

Inventory:

Hand Weapons
 a - a +9 rapier of pain (weapon)
   (You found it on level 11 of the Dungeon)
 b - the +6 rapier "Dosehuap" {venom, Int+3}
   (You found it in a bailey)

   It poisons the flesh of those it strikes.
   It affects your intelligence (+3).
 c - a +2 dagger of electrocution
   (You took it off an orc wizard on level 13 of the Dungeon)
Missiles
 j - 9 throwing nets {=f, !d}
Armour
 E - a +2 buckler (worn)
   (You took it off a spriggan rider on level 6 of the Lair of Beasts)
 I - a +0 cloak (worn)
   (You found it on level 10 of the Dungeon)
 L - the +3 robe "Caono" (worn) {Regen+ Dex+3}
   (You took it off a spriggan rider on level 6 of the Lair of Beasts)

   It affects your dexterity (+3).
   It increases your rate of regeneration.
 N - a +0 hat of intelligence (worn)
   (You acquired it on level 15 of the Dungeon)
Magical Staves
 Q - an uncursed staff of energy {@w1+MP, hungerless spells, !d!a}
   (You took it off a kobold on level 6 of the Dungeon)
Jewellery
 e - a +4 ring of protection (left hand)
   (You found it on level 1 of the Dungeon)
 l - the amulet of Cafepre (around neck) {rF++ rC+ MR+ Regen+ Dex+3}
   (You found it in a bailey)

   [amulet of regeneration]

   It affects your dexterity (+3).
   It greatly protects you from fire.
   It protects you from cold.
   It affects your resistance to hostile enchantments.
   It increases your rate of regeneration.
 m - the ring "Duockina" (right hand) {Wiz *Contam rPois rF+ Str+4}
   (You bought it in a shop on level 2 of the Orcish Mines)

   [ring of wizardry]

   It improves your spell success rate.
   It affects your strength (+4).
   It protects you from fire.
   It protects you from poison.
   It causes magical contamination when unequipped.
 C - an uncursed ring of ice {rC+, rF-}
   (You found it on level 3 of the Lair of Beasts)
 J - an uncursed ring of protection from magic {MR+, !d}
   (You found it on level 10 of the Dungeon)
Wands
 g - a wand of acid (25)
   (You took it off Ijyb on level 5 of the Dungeon)
 v - a wand of scattershot (18)
   (You found it on level 9 of the Dungeon)
 y - a wand of flame (35)
   (You found it on level 12 of the Dungeon)
 G - a wand of iceblast (25)
   (You found it on level 10 of the Dungeon)
Scrolls
 k - 2 scrolls of teleportation
 t - a scroll of fear
 x - 3 scrolls of magic mapping {!r}
 D - 3 scrolls of fog
 F - 3 scrolls of remove curse
 K - 8 scrolls of identify
 U - 2 scrolls of blinking {!r}
Potions
 h - 9 potions of curing
 i - 4 potions of haste
 o - a potion of cancellation
 p - 3 potions of agility
 r - 3 potions of magic
 s - 2 potions of might
 u - 4 potions of flight
 z - 3 potions of berserk rage {!q}
 A - 7 potions of lignification {!q}
 H - 3 potions of heal wounds
 P - a potion of ambrosia
 S - a potion of brilliance
 T - a potion of invisibility
Miscellaneous
 f - a phial of floods
   (You found it on level 2 of the Orcish Mines)
 n - a lamp of fire
   (You found it on level 13 of the Dungeon)
 q - a fan of gales
   (You found it in a bailey)
 O - a phantom mirror
Comestibles
 d - 20 rations {@e1}


   Skills:
 - Level 10.0 Fighting
 - Level 14.0 Short Blades
 - Level 15.0 Dodging
 + Level 18.2 Stealth
 - Level 4.0 Shields
 - Level 10.0 Spellcasting
 - Level 8.0 Hexes
 + Level 12.6 Necromancy


You had 7 spell levels left.
You knew the following spells:

 Your Spells              Type           Power        Failure   Level  Hunger
a - Ensorcelled Hibernat  Hex/Ice        ####..       1%          2    None
b - Corpse Rot            Necr           N/A          1%          2    None
c - Confuse               Hex            #####...     1%          3    None
d - Dispel Undead         Necr           ######..     1%          5    ####...
e - Blink                 Tloc           N/A          4%          2    None
f - Agony                 Necr           ######..     1%          5    ####...
m - Sublimation of Blood  Necr           ######....   1%          2    None
r - Regeneration          Chrm/Necr      #####.....   1%          3    None
v - Corona                Hex            #####..      1%          1    None
A - Ozocubu's Armour      Chrm/Ice       ##......     9%          3    None


Dungeon Overview and Level Annotations

Branches:
Dungeon (15/15)            Temple (1/1) D:4            Lair (6/6) D:9
  Swamp (1/4) Lair:2       Spider (1/4) Lair:2        Slime (0/5) Lair:6
    Orc (2/2) D:11            Elf (0/3) Orc:2        Vaults (0/5) D:14
 Depths (0/5) D:15

Altars:
Ashenzari
Cheibriados
Dithmenos
Elyvilon
Fedhas
Gozag
Hepliaklqana
Kikubaaqudgha
Makhleb
Nemelex Xobeh
Okawaru
Qazlal
Ru
Sif Muna
Trog
Uskayaw
Vehumet
Wu Jian
Xom
Yredelemnul
Zin
The Shining One
Beogh
Jiyva

Shops:
D:5 *   D:7 *   D:11 :   Orc:2 [*==

Portals:
Trove: D:13 (give horn of Geryon)

Annotations:
D:5 greatersalamander's ghost, novice FeVM
D:7 Pikel; keipra's ghost, novice GnWn
Lair:1 exclusion: electric eel
Lair:3 exclusion: 2 oklob plants
Lair:6 1 runed door
Swamp:1 Donald


Innate Abilities, Weirdness & Mutations

You are very small and have problems with some larger weapons.
You are too small for most types of armour.
You have supernaturally acute eyesight. (SInv)
You are a herbivore.
You cover ground extremely quickly.
You need consume almost no food.


Message History

You enter the shallow water.
Moving in this stuff is going to be slow.
You enter the shallow water.
Moving in this stuff is going to be slow.
You enter the shallow water.
Moving in this stuff is going to be slow.
A hornet comes into view.
Health restored: 85 The hornet buzzes angrily.
You hit the hornet.
The hornet writhes in agony.
You closely miss the hornet. The hornet closely misses you.
You hit the hornet.
The hornet writhes in agony.
You block the hornet's attack.
You hit the hornet.
The hornet writhes in agony.
The hornet barely misses you.
You puncture the hornet!
You kill the hornet!
Kikubaaqudgha accepts your kill.
No target in view!
You enter the shallow water.
Moving in this stuff is going to be slow.
Found an escape hatch in the floor.
There is an escape hatch in the floor here.
You enter the shallow water.
Moving in this stuff is going to be slow.
A spriggan rider comes into view. It is wielding a spear.
The spriggan rider moves out of view.
The spriggan rider is too close now for your liking.
Donald the Adventurer comes into view.
He is wielding a scimitar of electrocution.
You block the spriggan rider's attack.
Donald shouts!
You puncture the spriggan rider!
The spriggan rider writhes in agony.
You barely miss the spriggan rider. You block the spriggan rider's attack.
You puncture the spriggan rider!
The spriggan rider writhes in agony.
You puncture the spriggan rider!
You kill the hornet!
Kikubaaqudgha accepts your kill.
The spriggan falls from its now dead mount.
The spriggan writhes in agony.
You kill the spriggan!
Kikubaaqudgha accepts your kill.
You hear a splash. x2
Here: Donald, wielding a scimitar of electrocution, wearing a plate armour and wearing a shield (water) Some deep water.
Unknown command.
Aim: Donald, wielding a scimitar of electrocution, wearing a plate armour and wearing a shield (water, chance to defeat MR: 10%)
Okay, then.
Unknown command.
Aim: Donald, wielding a scimitar of electrocution, wearing a plate armour and wearing a shield (water, chance to defeat MR: 4%)
Okay, then.
Unknown command.
Here: Donald, wielding a scimitar of electrocution, wearing a plate armour and wearing a shield (water) Some deep water.
Unknown command.
Unknown command.
Okay, then.
A spear.
There is something else lying underneath.
Some shallow water.
Unknown command.
You enter the shallow water.
Moving in this stuff is going to be slow.
Donald mumbles some strange words.
Donald seems to speed up.
Things that are here:
a spear; 11 stones; a spriggan corpse Kikubaaqudgha torments the living!
Kikubaaqudgha shields you from torment!
You feel a surge of unholy energy.
Donald convulses!
Donald completely misses you. Donald misses you.
You now have 27/31 mp.
Kikubaaqudgha delivers you corpses!
You are feeling hungry.
Donald misses you.
You now have 24/31 mp.
A tyrant leech corpse.
The floor.
Unknown command.
Kikubaaqudgha torments the living!
Kikubaaqudgha partially shields you from torment!
Your body is wracked with pain!
Donald convulses!
Donald barely misses you.
You take 10 damage, and have 75/85 hp.
You now have 20/31 mp.
You see here a hornet corpse.
Kikubaaqudgha torments the living!
Kikubaaqudgha partially shields you from torment!
Your body is wracked with pain!
Donald convulses!
Donald hits you with a scimitar of electrocution!!
You take 49 damage, and have 26/85 hp.
MASSIVE DAMAGE!!
You now have 17/31 mp.
Donald blocks your attack.
Donald hits you with a scimitar of electrocution.
* * * LOW HITPOINT WARNING * * *
You take 1 damage, and have 25/85 hp.
Unknown command.
Donald blocks your attack.
Donald hits you with a scimitar of electrocution!
* * * LOW HITPOINT WARNING * * *
You are electrocuted!
You die...
Kikubaaqudgha rasps: "You have failed me!
Welcome... death!"

≈≈≈≈.≈§♣ ♣♣♣≈..≈♣ ≈......♣♣ .♣
♣...♣♣ .≈≈≈....♣♣ .♣♣♣.≈≈.♣
♣♣≈≈≈≈.≈≈.♣ ♣♣♣≈≈≈≈.♣
♣≈≈≈≈≈≈≈≈.♣♣. ♣>.≈...≈♣♣
♣♣♣.≈≈≈≈≈≈§.≈§.
..≈.♣.≈..♣♣♣≈≈..≈≈≈≈≈≈§.♣
≈.§.♣.≈≈........≈≈≈.≈≈≈.♣
♣≈≈≈♣♣≈≈≈♣......@≈♣≈...♣
♣♣♣♣♣♣♣♣♣♣♣♣♣♣≈≈.@†....♣....
≈....♣♣≈♣ ♣♣≈≈.)≈≈≈..≈§...
.≈≈.....♣♣♣♣♣ ♣♣♣.≈≈≈≈≈≈≈≈≈≈..
≈≈≈≈≈.≈≈§♣♣≈♣♣♣♣♣♣≈≈≈≈≈≈≈≈≈≈≈≈
≈≈≈≈≈≈≈≈.♣♣≈....≈♣..≈≈≈.≈≈≈≈≈.
....≈≈≈≈.≈♣♣≈...♣♣.≈≈≈≈≈.≈≈≈..
♣≈.≈§...§♣♣♣.≈≈.♣♣.≈.≈≈≈≈≈....
...≈§..≈≈.♣.≈≈≈≈.♣≈........♣
...


You could see Donald.

Vanquished Creatures
  Saint Roka (Orc:2)
  A frost giant (D:15)
  An orc warlord (Orc:2)
  Josephine (Swamp:1)
  11 hydras
  A hydra (shapeshifter) (D:8)
  2 catoblepae
  Erica (D:11)
  6 centaur warriors
  5 two-headed ogres
  2 dancing weapons (D:14)
  2 alligators (Swamp:1)
  2 tengu warriors (D:15)
  The ghost of Morgoth the Nimble, a journeyman DEWz of Vehumet (D:12)
  4 orc high priests (Orc:2)
  Sonja (Lair:2)
  4 unseen horrors
  3 orc knights (Orc:2)
  A wolf spider zombie (D:14)
  3 orb spiders (Spider:1)
  2 deep elf magi
  11 ugly things
  2 manticores
  6 orc sorcerers
  3 cyclopes
  A moth of wrath (Spider:1)
  7 wolf spiders
  3 black mambas
  Joseph (D:8)
  6 elephants
  18 spiny frogs
  8 komodo dragons
  A yaktaur (D:15)
  4 rime drakes
  A freezing wraith (D:15)
  2 demonic crawlers (Spider:1)
  8 trolls
  5 polar bears
  A polar bear (shapeshifter) (D:14)
  8 jumping spiders (Spider:1)
  8 hornets
  7 blink frogs
  A dream sheep (Lair:2)
  A bog body (Swamp:1)
  16 slime creatures
  3 tyrant leeches
  A meliai zombie (D:14)
  8 hippogriffs
  18 redbacks (Spider:1)
  7 tarantellas
  3 vampires
  3 wyverns
  A water elemental (D:12)
  2 shadows
  3 wraiths (Swamp:1)
  15 spriggans
  20 yaks
  5 basilisks
  2 steam dragons
  2 hungry ghosts
  2 vampire mosquitoes (Swamp:1)
  4 wargs
  16 water moccasins
  6 porcupines
  46 orc warriors
  5 ice beasts
  A slave (D:7)
  A phantom (D:14)
  6 sky beasts
  The ghost of Warden the Slasher, an amateur MiBe of Trog (D:3)
  3 black bears (Lair:6)
  2 eyes of draining
  4 boggarts (Lair:6)
  15 ogres
  19 centaurs
  46 wolves
  7 crocodiles
  2 big kobolds (D:6)
  9 gnoll sergeants
  18 bullfrogs
  2 wyvern zombies
  A wyvern skeleton (D:14)
  6 scorpions
  4 killer bees
  An electric eel (D:7)
  A howler monkey (D:6)
  2 centaur zombies
  6 crimson imps
  A quasit (D:11)
  2 bullfrog zombies (D:12)
  4 jellies
  29 orc wizards
  6 gnoll shamans (Bailey)
  38 orc priests
  11 hounds
  Ijyb (D:5)
  4 centaur skeletons
  5 iguanas
  10 worker ants
  A killer bee zombie (D:8)
  2 hound skeletons
  2 worker ant zombies (D:11)
  14 gnolls (Bailey)
  21 adders
  3 shadow imps
  A white imp (D:9)
  2 oozes
  An adder zombie (D:8)
  3 adder skeletons
  5 dart slugs
  4 leopard geckos
  130 orcs
  A ball python (D:1)
  12 giant cockroaches
  4 goblins
  11 hobgoblins
  7 jackals
  4 quokkas
  A ball python skeleton (D:4)
  7 bats
  6 frilled lizards
  2 goblin zombies (D:9)
  A hobgoblin zombie (D:9)
  A jackal skeleton (D:3)
  A jackal zombie (D:8)
  10 kobolds
  A kobold zombie (D:9)
  3 orc skeletons (D:9)
  2 orc zombies (D:9)
  A quokka skeleton (D:5)
  7 rats
  A fungus (Lair:1)
  A plant (Lair:1)
897 creatures vanquished.

Vanquished Creatures (collateral kills)
  A hornet (Lair:6)
  A spriggan (Lair:6)
  A wolf (Lair:6)
  A crocodile (Lair:6)
  A worker ant (D:5)
5 creatures vanquished.

Vanquished Creatures (others)
  A porcupine (Lair:2)
  A bush (Lair:3)
  25 fungi
  30 plants
57 creatures vanquished.

Grand Total: 959 creatures vanquished

Notes
Turn   | Place    | Note
-------+----------+-------------------------------------------
     0 | D:1      | opiate the Spriggan Enchanter began the quest for the Orb.
     0 | D:1      | Reached XP level 1. HP: 9/9 MP: 5/5
   383 | D:1      | Reached skill level 5 in Stealth
   383 | D:1      | Reached XP level 2. HP: 13/13 MP: 6/6
   400 | D:1      | Learned a level 2 spell: Ensorcelled Hibernation
   459 | D:1      | Reached skill level 2 in Short Blades
   845 | D:1      | Reached XP level 3. HP: 16/16 MP: 0/8
  2020 | D:2      | Found an opulent altar of Gozag.
  2140 | D:2      | Found an ancient bone altar of Kikubaaqudgha.
  2150 | D:2      | Became a worshipper of Kikubaaqudgha
  2198 | D:2      | Reached skill level 6 in Stealth
  2240 | D:2      | Learned a level 3 spell: Confuse
  2259 | D:2      | Reached skill level 3 in Short Blades
  2259 | D:2      | Reached XP level 4. HP: 19/21 MP: 4/9
  2565 | D:2      | Found a deep blue altar of Sif Muna.
  2839 | D:3      | Found a hazy altar of Hepliaklqana.
  2839 | D:3      | Found a white marble altar of Elyvilon.
  2839 | D:3      | Noticed Warden's ghost (amateur MiBe)
  2964 | D:3      | Found an ornate altar of the Wu Jian Council.
  3191 | D:3      | Reached skill level 4 in Short Blades
  3375 | D:3      | Reached XP level 5. HP: 24/24 MP: 10/10
  3382 | D:3      | Reached * piety under Kikubaaqudgha
  3382 | D:3      | Identified Kikubaaqudgha's Disquisition on Stolen Souls (Kikubaaqudgha gifted it to you on level 3 of the Dungeon)
  3382 | D:3      | Received a gift from Kikubaaqudgha
  3608 | D:3      | Killed Warden's ghost
  3608 | D:3      | Reached skill level 7 in Stealth
  3824 | D:3      | Reached skill level 5 in Short Blades
  4125 | D:4      | Reached XP level 6. HP: 28/28 MP: 3/11
  4229 | D:4      | Found a staircase to the Ecumenical Temple.
  4235 | Temple   | Entered the Ecumenical Temple
  4324 | D:4      | Reached skill level 8 in Stealth
  4324 | D:4      | opiate: ??spen guide
  4324 | D:4      | beem: hyperbolic[1/4]: My 0.20 SpEn guide: SKILLS: Approximate goals are as follows: 1) 5 Short Blades, 8 Stealth. 2) 4 Spellcasting, 8 Hexes. 3) 3 Fighting, 8 Dodging. 4) 8 Short Blades, 12 Stealth. 5) 6 Fighting/Spellcasting, 10 Short Blades/Hexes, 15 Dodging/Stealth. 6) 10 Fighting, 27 Stealth, and whatever spell skills you want.
  4475 | D:4      | Reached skill level 3 in Spellcasting
  4475 | D:4      | Reached skill level 4 in Hexes
  4676 | D:4      | Found a burning altar of Makhleb.
  4716 | D:4      | HP: 4/28 [iguana (6)]
  5157 | D:4      | Found a burning altar of Makhleb.
  5283 | D:5      | Entered Level 5 of the Dungeon
  5310 | D:5      | Noticed greatersalamander's ghost (novice FeVM)
  5332 | D:5      | Reached skill level 4 in Spellcasting
  5340 | D:5      | Reached skill level 5 in Hexes
  5340 | D:5      | Reached XP level 7. HP: 32/32 MP: 12/14
  5375 | D:5      | Reached skill level 6 in Hexes
  5404 | D:5      | Noticed Ijyb
  5407 | D:5      | Killed Ijyb
  5502 | D:5      | Reached skill level 7 in Hexes
  5921 | D:5      | Reached skill level 8 in Hexes
  6050 | D:5      | Found Ganiudd's Serpentskin Sales.
  6062 | D:5      | Reached skill level 1 in Fighting
  6062 | D:5      | Reached skill level 4 in Dodging
  6062 | D:5      | Reached XP level 8. HP: 29/37 MP: 5/15
  6527 | D:6      | Reached skill level 2 in Fighting
  6594 | D:6      | Reached ** piety under Kikubaaqudgha
  6594 | D:6      | Reached skill level 5 in Dodging
  6984 | D:6      | Reached skill level 6 in Dodging
  7012 | D:6      | Reached skill level 3 in Fighting
  7073 | D:5      | Reached skill level 7 in Dodging
  7278 | D:6      | Reached skill level 8 in Dodging
  7679 | D:7      | Noticed keipra's ghost (novice GnWn)
  7700 | D:7      | Reached XP level 9. HP: 21/44 MP: 9/16
  7911 | D:7      | Noticed Pikel
  7912 | D:7      | Found Gackybb's Assorted Antiques.
  7993 | D:7      | Reached skill level 6 in Short Blades
  7993 | D:7      | Reached skill level 9 in Stealth
  8315 | D:7      | Reached skill level 10 in Stealth
  8337 | D:7      | Reached *** piety under Kikubaaqudgha
  8337 | D:7      | Identified Kikubaaqudgha's Guide on Dark Rituals (Kikubaaqudgha gifted it to you on level 7 of the Dungeon)
  8337 | D:7      | Received a gift from Kikubaaqudgha
  8444 | D:8      | Reached skill level 7 in Short Blades
  8499 | D:8      | Found a shadowy altar of Dithmenos.
  8503 | D:8      | Got a coiled jade ring
  8504 | D:8      | Identified the ring of Qumoel {Dex+3 Stlth-} (You found it on level 8 of the Dungeon)
  8579 | D:8      | Reached skill level 11 in Stealth
  8632 | D:8      | Found a snail-covered altar of Cheibriados.
  8795 | D:8      | Reached skill level 8 in Short Blades
  8820 | D:8      | Noticed a black mamba
  8828 | D:8      | Learned a level 2 spell: Corpse Rot
  8831 | D:8      | Learned a level 2 spell: Sublimation of Blood
  8835 | D:8      | Learned a level 3 spell: Regeneration
  8986 | D:8      | Reached skill level 12 in Stealth
  9240 | D:8      | Noticed a two-headed ogre
  9247 | D:8      | Killed a two-headed ogre
  9247 | D:8      | Reached skill level 5 in Spellcasting
  9247 | D:8      | Reached skill level 2 in Necromancy
  9247 | D:8      | Reached XP level 10. HP: 49/49 MP: 12/19
  9312 | D:8      | Noticed an eight-headed hydra
  9312 | D:8      | Noticed Joseph
  9352 | D:8      | Killed an eight-headed hydra
  9352 | D:8      | Reached skill level 6 in Spellcasting
  9352 | D:8      | Reached skill level 3 in Necromancy
  9381 | D:8      | Killed Joseph
  9381 | D:8      | Reached skill level 7 in Spellcasting
  9518 | D:8      | Reached skill level 4 in Necromancy
  9846 | D:9      | Reached **** piety under Kikubaaqudgha
  9856 | D:9      | Found a staircase to the Lair.
 10179 | D:9      | Found a basalt altar of Yredelemnul.
 10205 | D:9      | Found a glowing golden altar of the Shining One.
 10290 | D:9      | Found a shimmering altar of Xom.
 10388 | D:9      | opiate: ??spen guide
 10388 | D:9      | beem: hyperbolic[1/4]: My 0.20 SpEn guide: SKILLS: Approximate goals are as follows: 1) 5 Short Blades, 8 Stealth. 2) 4 Spellcasting, 8 Hexes. 3) 3 Fighting, 8 Dodging. 4) 8 Short Blades, 12 Stealth. 5) 6 Fighting/Spellcasting, 10 Short Blades/Hexes, 15 Dodging/Stealth. 6) 10 Fighting, 27 Stealth, and whatever spell skills you want.
 10389 | D:10     | Entered Level 10 of the Dungeon
 10414 | D:10     | Reached skill level 8 in Spellcasting
 10552 | D:10     | Reached skill level 5 in Necromancy
 10740 | D:10     | Reached skill level 4 in Fighting
 11179 | D:11     | Found a staircase to the Orcish Mines.
 11220 | D:11     | Reached skill level 5 in Fighting
 11404 | D:11     | Reached ***** piety under Kikubaaqudgha
 11408 | D:11     | Reached XP level 11. HP: 56/56 MP: 14/24
 11687 | D:11     | Reached skill level 6 in Fighting
 12105 | D:11     | Found Wuotis's Book Emporium.
 12314 | Lair:1   | Entered Level 1 of the Lair of Beasts
 12352 | Lair:1   | Learned a level 5 spell: Dispel Undead
 12586 | Lair:1   | Noticed a catoblepas
 13122 | Lair:2   | Found a hole to the Spider Nest.
 13269 | Lair:2   | Reached skill level 9 in Short Blades
 13269 | Lair:2   | Reached skill level 13 in Stealth
 13294 | Lair:2   | Noticed Sonja
 13344 | Lair:2   | Killed Sonja
 13675 | Lair:2   | Reached skill level 14 in Stealth
 13750 | Lair:2   | Reached skill level 10 in Short Blades
 13833 | Lair:2   | Found a staircase to the Swamp.
 13969 | Lair:2   | Reached skill level 9 in Dodging
 14530 | Lair:2   | Reached skill level 15 in Stealth
 14568 | Lair:3   | Noticed a wolf spider
 14627 | Lair:3   | Reached skill level 10 in Dodging
 14666 | Lair:3   | Reached XP level 12. HP: 61/61 MP: 25/25
 14667 | Lair:3   | Found a burning altar of Makhleb.
 14738 | Lair:3   | Reached skill level 11 in Dodging
 14887 | Lair:3   | Reached skill level 7 in Fighting
 14887 | Lair:3   | Reached skill level 13 in Dodging
 14887 | Lair:3   | Reached XP level 13. HP: 68/68 MP: 21/26
 15024 | Lair:3   | Reached skill level 14 in Dodging
 15282 | Lair:3   | Learned a level 2 spell: Blink
 15489 | Lair:4   | Reached ****** piety under Kikubaaqudgha
 15518 | Lair:4   | Reached skill level 15 in Dodging
 15727 | Lair:4   | Reached skill level 8 in Fighting
 16135 | Lair:5   | HP: 12/69 [porcupine's spines (19)]
 16379 | D:2      | Identified a +5 rapier of pain (a +3 rapier of draining bloodied by Kikubaaqudgha)
 16379 | D:2      | Received a gift from Kikubaaqudgha
 16890 | Lair:5   | Reached skill level 16 in Stealth
 17274 | Lair:6   | Entered Level 6 of the Lair of Beasts
 17311 | Lair:6   | Reached skill level 6 in Necromancy
 17678 | Lair:6   | Reached skill level 9 in Fighting
 17752 | Lair:6   | HP: 10/70 [spriggan rider/spear (21)]
 17778 | Lair:6   | HP: 4/70 [spriggan/dagger (14)]
 17881 | Lair:5   | Reached XP level 14. HP: 58/75 MP: 20/27
 18048 | Lair:6   | Found a runed door.
 18048 | Lair:6   | Found a viscous altar of Jiyva.
 18048 | Lair:6   | Noticed an acid blob
 18051 | Lair:6   | Found a staircase to the Slime Pits.
 18162 | Lair:5   | Reached skill level 7 in Necromancy
 18301 | Lair:6   | Reached skill level 17 in Stealth
 18853 | Lair:6   | Got a faintly glowing robe
 18865 | Lair:6   | Identified the +3 robe "Caono" {Regen+ Dex+3} (You took it off a spriggan rider on level 6 of the Lair of Beasts)
 19293 | Lair:1   | Reached skill level 1 in Shields
 19311 | Lair:1   | Learned a level 5 spell: Cigotuvi's Embrace
 19402 | Orc:1    | Entered Level 1 of the Orcish Mines
 19625 | Orc:1    | Found a flagged portal.
 19638 | Bailey   | Entered a bailey
 19952 | Bailey   | Got a shimmering tin amulet
 19954 | Bailey   | Got a dazzling rapier
 19955 | Bailey   | Identified the +6 rapier "Dosehuap" {venom, Int+3} (You found it in a bailey)
 20196 | Orc:2    | Entered Level 2 of the Orcish Mines
 20196 | Orc:2    | Noticed Saint Roka
 20345 | Orc:2    | Found a roughly hewn altar of Beogh.
 20412 | Orc:2    | HP: 17/75 [soul eater/drain life[an orc sorcerer] (19)]
 20605 | Orc:2    | Found Biyfuh's Assorted Antiques.
 20618 | Orc:2    | Reached skill level 2 in Shields
 20856 | Orc:2    | HP: 16/76 [orc high priest/divine providence (13)]
 20866 | Orc:2    | HP: 13/76 [orc warrior/tomahawk (10)]
 21060 | Orc:2    | Reached skill level 8 in Necromancy
 21067 | Orc:2    | Noticed an orc warlord
 21195 | Orc:2    | Reached skill level 11 in Short Blades
 21274 | Orc:2    | Killed an orc warlord
 21423 | Orc:2    | Found a staircase to the Elven Halls.
 21493 | Orc:2    | Reached skill level 10 in Fighting
 21552 | Orc:2    | Reached skill level 3 in Shields
 21807 | Orc:2    | Killed Saint Roka
 21981 | Orc:2    | Reached skill level 4 in Shields
 22075 | Orc:2    | Reached skill level 9 in Necromancy
 22218 | Orc:2    | Bought a potion of invisibility for 192 gold pieces
 22223 | Orc:2    | Found Mujy's Antique Armour Shoppe.
 22325 | Orc:2    | Found a roughly hewn altar of Beogh.
 22355 | Orc:2    | Found Piogu's Jewellery Shoppe.
 22403 | Orc:2    | Found Luekh's Jewellery Emporium.
 22546 | Orc:2    | Reached XP level 15. HP: 67/80 MP: 23/28
 22866 | Orc:2    | Bought a fine robe for 210 gold pieces
 22876 | Orc:2    | Identified the cursed +0 robe of Xishroc {rF+ MR- Dex+8 SInv} (You bought it in a shop on level 2 of the Orcish Mines)
 22889 | Orc:2    | Identified the amulet of Cafepre {rF++ rC+ MR+ Regen+ Dex+3} (You found it in a bailey)
 23016 | Orc:2    | Bought the ring "Duockina" {Wiz *Contam rPois rF+ Str+4} for 816 gold pieces
 23503 | D:11     | Noticed Erica
 23523 | D:11     | Killed Erica
 23585 | D:12     | Noticed Morgoth's ghost (journeyman DEWz)
 23588 | D:12     | Killed Morgoth's ghost
 23939 | D:12     | Reached skill level 10 in Necromancy
 24405 | D:12     | Reached skill level 12 in Short Blades
 24622 | D:13     | Found a portal to a secret trove of treasure.
 25497 | D:14     | Reached skill level 11 in Necromancy
 25563 | D:14     | HP: 10/80 [catoblepas (35)]
 25565 | D:14     | HP: 2/80 [catoblepas/blast of calcifying dust (10)]
 25571 | D:15     | Entered Level 15 of the Dungeon
 25768 | D:14     | Found a gate to the Vaults.
 26084 | D:14     | Upgraded the game from 0.21-a0-583-g2c32b0f to 0.21-a0-584-g185da8e
 26860 | D:15     | Reached skill level 13 in Short Blades
 26920 | D:15     | Reached skill level 12 in Necromancy
 27128 | D:15     | Identified a scroll of acquirement
 27476 | D:15     | Found a staircase to the Depths.
 27476 | D:15     | Noticed a frost giant
 27479 | D:15     | Killed a frost giant
 27487 | D:15     | Upgraded the game from 0.21-a0-584-g185da8e to 0.21-a0-625-g1119ec1
 27747 | Spider:1 | Entered Level 1 of the Spider Nest
 27921 | Spider:1 | Reached skill level 9 in Spellcasting
 27986 | Spider:1 | Reached XP level 16. HP: 85/85 MP: 27/30
 28604 | Spider:1 | Reached skill level 14 in Short Blades
 28696 | Lair:1   | Learned a level 5 spell: Agony
 28700 | Lair:1   | Learned a level 3 spell: Ozocubu's Armour
 28762 | Swamp:1  | Entered Level 1 of the Swamp
 28816 | Swamp:1  | Reached skill level 10 in Spellcasting
 28987 | Swamp:1  | Noticed Josephine
 28992 | Swamp:1  | Killed Josephine
 29025 | Swamp:1  | Reached skill level 18 in Stealth
 29228 | Swamp:1  | Noticed Donald
 29243 | Swamp:1  | HP: 10/85 [Donald/scimitar of electrocution (16)]
 29243 | Swamp:1  | Slain by Donald

Vault maps used:
D:1:      minmay_arrival_floating_metal, nrook_loot_triangle, glass_columns_a,
          minmay_heptomino_d4
D:2:      lemuel_blue_sif_altar, nicolae_gozag_cash_rules_everything_around_me,
          kiku_gazebo_garden_becter, first_ration
D:3:      lemuel_crystal_altar, chequers_temple_overflow_statue_of_worship
D:4:      nicolae_overflow_hidden_temple, minmay_temple_entry_hall,
          makhleb_heckhound_becter
D:5:      guppyfry_shop_venom, uniq_ijyb
D:6:      cheibrodos_thug_alley
D:7:      serial_shops, shop, chequers_big_river, minivault_4, uniq_menkaure,
          uniq_pikel
D:8:      minmay_ornate_pinched, nicolae_dithmenos_shadow_blocks,
          cheibriados_altar_1, uniq_joseph
D:9:      kennysheep_little_box, nicolae_tso_besieged_by_evil,
          yredelemnul_altar_generic, david_lair_shrubbed
D:11:     david_orc_3, serial_shops, nicolae_shop_behind_doors, uniq_erica
D:12:     kennysheep_dice
D:13:     enter_trove_0
D:14:     erik_vaults_1
D:15:     grunt_enter_depths_snipers, palyth_stone_intersect
Temple:   zaba_magenta_temple
Lair:1:   grunt_forest_stairs_basic, hibernation_bobbens, serial_bayou_shore_a,
          lemuel_fruit_tree
Lair:2:   minmay_swamp_entry_worms, spider_nest_entry_a,
          grunt_forest_small_clearings, grunt_forest_large_clearings, uniq_sonja
Lair:3:   minmay_lair_venomous_thicket, basic_altar, grunt_megastairs_1,
          minmay_lair_oklob_chamber
Lair:4:   infiniplex_staircase_pool, grunt_megastairs_2
Lair:5:   minivault_27, nicolae_quartered_pool_medium, beast_lair_carwin_2,
          serial_bayou_shore_b, infiniplex_staircase_pool_2
Lair:6:   minmay_lair_end_enchanted_forest, slime_altar_2, serial_bayou_crossing
Swamp:1:  hangedman_swamp_ruin_wall, swamp_pool5, uniq_donald, uniq_josephine
Spider:1: guppyfry_spider_mini_1
Orc:1:    enter_bailey_2
Orc:2:    pubby_orc_utopia, uniq_saint_roka
Bailey:   bailey_polearm_gnolls_kennysheep, bailey

Skill      XL: |  1  2  3  4  5  6  7  8  9 10 11 12 13 14 15 16 |
---------------+-------------------------------------------------+-----
Stealth        | 5 6 7 8 12 15 16 17 18 | 18.2
Short Blades   | 2 3 4 5 8 10 11 13 14 | 14.0
Spellcasting   | 4 5 8 9 10 | 10.0
Hexes          | 5 8 |  8.0
Fighting       | 1 3 5 6 7 9 10 | 10.0
Dodging        | 4 8 10 13 15 | 15.0
Necromancy     | 2 5 6 9 12 | 12.6
Shields        | 4 |  4.0

Action                   |  1- 3 |  4- 6 |  7- 9 | 10-12 | 13-15 | 16-18 || total
-------------------------+-------+-------+-------+-------+-------+-------++-------
Melee: Dagger            |   228 |   128 |   376 |   294 |   276 |     1 ||  1303
       Hand axe          |       |       |     6 |       |       |       ||     6
       Rapier            |       |       |       |   100 |  1217 |   204 ||  1521
 Fire: Hunting sling     |       |       |    37 |       |       |       ||    37
 Cast: Corona            |     3 |     3 |     5 |     3 |    10 |       ||    24
       Ensorcelled Hiber |    19 |    33 |    77 |   121 |   139 |    19 ||   408
       Confuse           |       |     8 |    30 |    13 |    18 |     4 ||    73
       Corpse Rot        |       |       |       |     5 |    15 |     1 ||    21
       Sublimation of Bl |       |       |       |     9 |    42 |     1 ||    52
       Regeneration      |       |       |       |     7 |    86 |     3 ||    96
       Cigotuvi's Embrac |       |       |       |       |    36 |       ||    36
       Blink             |       |       |       |       |     2 |       ||     2
       Dispel Undead     |       |       |       |       |    15 |     1 ||    16
       Agony             |       |       |       |       |       |     3 ||     3
       Ozocubu's Armour  |       |       |       |       |       |     2 ||     2
Invok: Receive Corpses   |       |       |       |       |     5 |     1 ||     6
       Brand Weapon With |       |       |       |       |     1 |       ||     1
       Torment           |       |       |       |       |     9 |     3 ||    12
Evoke: Wand              |       |       |     1 |       |    15 |     3 ||    19
  Use: Scroll            |       |     8 |    10 |    11 |    18 |     2 ||    49
       Potion            |       |       |       |     1 |     7 |       ||     8
 Stab: Sleeping          |    17 |    28 |    63 |    90 |   142 |    22 ||   362
       Distracted        |       |     1 |     2 |     2 |    11 |     2 ||    18
       Confused          |       |     4 |    13 |     9 |     5 |     1 ||    32
       Invisible         |       |       |       |       |     6 |       ||     6
  Eat: Ration            |       |     4 |     5 |     3 |    17 |     1 ||    30
Armor: Robe              |    48 |    18 |    48 |    13 |    70 |    13 ||   210
Dodge: Dodged            |   252 |    82 |   203 |   199 |   948 |   145 ||  1829
Block: Buckler           |       |       |       |       |   397 |    85 ||   482

Table legend:
 A = Spawn XP
 B = Non-spawn XP
 C = Spawn XP percentage of total XP
 D = Spawn monster count
 E = Non-spawn monster count
 F = Spawn count percentage of total count
 G = Total turns spent on level
                    A         B        C        D         E        F      G
               +---------+---------+-------+---------+---------+-------+---------
         Total |       0 |  158178 |   0.0 |       0 |     899 |   0.0 | 29243
               +---------+---------+-------+---------+---------+-------+---------
           D:1 |       0 |      50 |   0.0 |       0 |      26 |   0.0 |  1637
           D:2 |       0 |     102 |   0.0 |       0 |      20 |   0.0 |  1312
           D:3 |       0 |     190 |   0.0 |       0 |      20 |   0.0 |  1523
           D:4 |       0 |     281 |   0.0 |       0 |      15 |   0.0 |   845
           D:5 |       0 |     999 |   0.0 |       0 |      30 |   0.0 |  1369
           D:6 |       0 |    1054 |   0.0 |       0 |      27 |   0.0 |  1107
           D:7 |       0 |    1065 |   0.0 |       0 |      18 |   0.0 |   729
           D:8 |       0 |    4049 |   0.0 |       0 |      42 |   0.0 |  1332
           D:9 |       0 |     787 |   0.0 |       0 |      28 |   0.0 |   884
          D:10 |       0 |    1802 |   0.0 |       0 |      26 |   0.0 |  1079
          D:11 |       0 |    3473 |   0.0 |       0 |      32 |   0.0 |  1161
          D:12 |       0 |    6367 |   0.0 |       0 |      24 |   0.0 |  1020
          D:13 |       0 |    9775 |   0.0 |       0 |      37 |   0.0 |   810
          D:14 |       0 |   11624 |   0.0 |       0 |      38 |   0.0 |  1194
          D:15 |       0 |   15574 |   0.0 |       0 |      32 |   0.0 |  1030
        Lair:1 |       0 |    2820 |   0.0 |       0 |       9 |   0.0 |  1211
        Lair:2 |       0 |    7265 |   0.0 |       0 |      42 |   0.0 |  1710
        Lair:3 |       0 |    5706 |   0.0 |       0 |      26 |   0.0 |   620
        Lair:4 |       0 |    4718 |   0.0 |       0 |      16 |   0.0 |   702
        Lair:5 |       0 |    8487 |   0.0 |       0 |      33 |   0.0 |  1334
        Lair:6 |       0 |   15769 |   0.0 |       0 |      71 |   0.0 |  1362
       Swamp:1 |       0 |   14061 |   0.0 |       0 |      34 |   0.0 |   481
      Spider:1 |       0 |   13196 |   0.0 |       0 |      42 |   0.0 |   880
         Orc:1 |       0 |    2196 |   0.0 |       0 |      28 |   0.0 |   552
         Orc:2 |       0 |   25557 |   0.0 |       0 |     153 |   0.0 |  2859
        Bailey |       0 |    1211 |   0.0 |       0 |      30 |   0.0 |   432
               +---------+---------+-------+---------+---------+-------+---------

Vault maps used:
D:1:      minmay_arrival_floating_metal, nrook_loot_triangle, glass_columns_a,
          minmay_heptomino_d4
D:2:      lemuel_blue_sif_altar, nicolae_gozag_cash_rules_everything_around_me,
          kiku_gazebo_garden_becter, first_ration
D:3:      lemuel_crystal_altar, chequers_temple_overflow_statue_of_worship
D:4:      nicolae_overflow_hidden_temple, minmay_temple_entry_hall,
          makhleb_heckhound_becter
D:5:      guppyfry_shop_venom, uniq_ijyb
D:6:      cheibrodos_thug_alley
D:7:      serial_shops, shop, chequers_big_river, minivault_4, uniq_menkaure,
          uniq_pikel
D:8:      minmay_ornate_pinched, nicolae_dithmenos_shadow_blocks,
          cheibriados_altar_1, uniq_joseph
D:9:      kennysheep_little_box, nicolae_tso_besieged_by_evil,
          yredelemnul_altar_generic, david_lair_shrubbed
D:11:     david_orc_3, serial_shops, nicolae_shop_behind_doors, uniq_erica
D:12:     kennysheep_dice
D:13:     enter_trove_0
D:14:     erik_vaults_1
D:15:     grunt_enter_depths_snipers, palyth_stone_intersect
Temple:   zaba_magenta_temple
Lair:1:   grunt_forest_stairs_basic, hibernation_bobbens, serial_bayou_shore_a,
          lemuel_fruit_tree
Lair:2:   minmay_swamp_entry_worms, spider_nest_entry_a,
          grunt_forest_small_clearings, grunt_forest_large_clearings, uniq_sonja
Lair:3:   minmay_lair_venomous_thicket, basic_altar, grunt_megastairs_1,
          minmay_lair_oklob_chamber
Lair:4:   infiniplex_staircase_pool, grunt_megastairs_2
Lair:5:   minivault_27, nicolae_quartered_pool_medium, beast_lair_carwin_2,
          serial_bayou_shore_b, infiniplex_staircase_pool_2
Lair:6:   minmay_lair_end_enchanted_forest, slime_altar_2, serial_bayou_crossing
Swamp:1:  hangedman_swamp_ruin_wall, swamp_pool5, uniq_donald, uniq_josephine
Spider:1: guppyfry_spider_mini_1
Orc:1:    enter_bailey_2
Orc:2:    pubby_orc_utopia, uniq_saint_roka
Bailey:   bailey_polearm_gnolls_kennysheep, bailey

Table legend:
 A = Turns spent in this place as a percentage of turns spent in the entire game.
 B = Non-inter-level travel turns spent in this place as a percentage of non-inter-level travel turns spent in the entire game.
 C = Inter-level travel turns spent in this place as a percentage of turns spent in this place.
 D = Turns resting spent in this place as a percentage of non-inter-level travel turns spent in this place.
 E = Turns spent auto-exploring this place as a percentage of non-inter-level travel turns spent in this place.
 F = Non-inter-level travel turns spent in this place divided by the number of levels of this place that you've seen.
                   A       B       C       D       E      F
               +-------+-------+-------+-------+-------+----------------------
         Total | 100.0 | 100.0 |   7.8 |  20.2 |  24.6 | 999.0
       Dungeon |  58.2 |  58.2 |   7.9 |  26.0 |  27.3 | 1045.7
        Temple |   0.2 |   0.2 |  25.0 |   0.0 |  13.7 |  51.0
          Lair |  23.7 |  23.3 |   9.3 |  11.4 |  14.2 | 1049.0
         Swamp |   1.6 |   1.8 |   0.2 |   0.0 |  46.0 | 480.0
   Spider Nest |   3.0 |   3.1 |   3.6 |   5.9 |  49.2 | 848.0
  Orcish Mines |  11.7 |  11.8 |   6.7 |  18.5 |  21.6 | 1591.5
        Bailey |   1.5 |   1.6 |   0.0 |   8.1 |  27.8 | 432.0
               +-------+-------+-------+-------+-------+----------------------

Table legend:
 A = Kills in this place as a percentage of kills in entire the game.
 B = Kills by you in this place as a percentage of kills by you in the entire game.
 C = Kills by friends in this place as a percentage of kills by friends in the entire game.
 D = Other kills in this place as a percentage of other kills in the entire game.
 E = Experience gained in this place as a percentage of experience gained in the entire game.
 F = Experience gained in this place divided by the number of levels of this place that you have seen.
                   A       B       C       D       E      F
               +-------+-------+-------+-------+-------+----------------------
         Total | 100.0 | 100.0 | 100.0 |   N/A | 100.0 | 5858.4
       Dungeon |  46.2 |  46.3 |  20.0 |   N/A |  36.2 | 3812.8
          Lair |  21.9 |  21.6 |  80.0 |   N/A |  28.3 | 7460.8
         Swamp |   3.8 |   3.8 |   0.0 |   N/A |   8.9 | 14061.0
   Spider Nest |   4.7 |   4.7 |   0.0 |   N/A |   8.3 | 13196.0
  Orcish Mines |  20.1 |  20.2 |   0.0 |   N/A |  17.5 | 13876.5
        Bailey |   3.3 |   3.4 |   0.0 |   N/A |   0.8 | 1211.0
               +-------+-------+-------+-------+-------+----------------------
